 Dungeon Crawl Stone Soup version 0.21-a0-518-g43a1781 (webtiles) character file.

120 Laiders the Magician (level 4, -5/45 HPs)
             Began as a Demonspawn Wizard on Dec 4, 2017.
             Slain by an orc priest
             ... wielding a +2 hand axe of electrocution
              (16 damage)
             ... on level 3 of the Dungeon.
             The game lasted 00:10:30 (3392 turns).

Laiders the Magician (Demonspawn Wizard)            Turns: 3392, Time: 00:10:31

Health: -5/45      AC: 22    Str:  8    XL:     4   Next: 75%
Magic:  3/10       EV:  2    Int: 20    God:
Gold:   69         SH:  0    Dex: 11    Spells: 0/11 levels left

rFire    . . .     SeeInvis .   o - +1 whip (freeze)
rCold    . . .     Gourm    .   (no shield)
rNeg     + + +     Faith    .   (armour currently unavailable)
rPois    +         Spirit   .   (helmet currently unavailable)
rElec    .         Reflect  .   (cloak currently unavailable)
rCorr    .         Harm     .   (gloves currently unavailable)
MR       .....     NoTele   +   (boots currently unavailable)
Stlth    ++........             (no amulet)
HPRegen  0.15/turn              (no ring)
MPRegen  0.12/turn              (no ring)

@: tree-form, very slightly contaminated
A: demonic guardian 1
a: no special abilities


You were on level 3 of the Dungeon.
You were hungry.
You were a tree.
You visited 1 branch of the dungeon, and saw 3 of its levels.

You collected 69 gold pieces.

Inventory:

Hand Weapons
 o - a +1 whip of freezing (weapon)
Armour
 a - a +0 robe (melded)
 b - a +0 hat (melded)
Scrolls
 e - a scroll of identify
 f - a scroll of amnesia {unknown}
 h - a scroll of enchant armour {unknown}
 j - 3 scrolls of remove curse
 m - a scroll of enchant weapon {unknown}
 p - a scroll of fog {unknown}
 r - a scroll of teleportation {unknown}
Potions
 g - 4 potions of heal wounds
 l - a potion of curing
 s - a potion of might {unknown}
Books
 c - a book of Minor Magic

   Spells                             Type                      Level
   a - Magic Dart                     Conjuration                  1
   b - Blink                          Translocation                2
   c - Call Imp                       Summoning                    2
   d - Slow                           Hexes                        2
   e - Conjure Flame                  Conjuration/Fire             3
   f - Mephitic Cloud                 Conjuration/Poison/Air       3
Comestibles
 d - 2 bread rations
 i - a meat ration
 n - a fruit


   Skills:
 - Level 1.7 Dodging
 - Level 1.7 Stealth
 + Level 4.1 Spellcasting
 - Level 3.0 Conjurations
 - Level 1.0 Summonings
 - Level 0.8 Translocations
 + Level 0.6 Air Magic
 + Level 0.6 Poison Magic


You couldn't memorise any spells.
You knew the following spells:

 Your Spells              Type           Power        Failure   Level  Hunger
a - Magic Dart            Conj           ###.         3%          1    None
b - Call Imp              Summ           #.......     13%         2    #......
c - Blink                 Tloc           N/A          14%         2    #......
d - Mephitic Cloud        Conj/Pois/Air  ##......     21%         3    ###....
e - Conjure Flame         Conj/Fire      ##......     21%         3    ###....


Dungeon Overview and Level Annotations

Branches:
Dungeon (3/15)

Altars:


Innate Abilities, Weirdness & Mutations

((You have a pair of small horns on your head.))
A weak demonic guardian rushes to your aid.
((You are partially covered in sharp spines.))


Message History

You hit the orc priest but do no damage.
The orc priest hits you but does no damage.
The orc hits you but does no damage.
Your shadow imp hits the orc priest.
The orc priest completely misses you.
You barely miss the orc priest.
The orc priest completely misses your shadow imp.
The orc hits you but does no damage.
Your shadow imp closely misses the orc priest.
The orc priest completely misses your shadow imp.
The orc priest hits you but does no damage.
You are electrocuted!
* * * LOW HITPOINT WARNING * * *
You hit the orc priest but do no damage.
The orc hits you but does no damage.
Your shadow imp barely misses the orc priest.
The orc priest mumbles some strange prayers to Beogh against your shadow imp.
Your shadow imp is smitten.
The orc priest hits you but does no damage.
You are electrocuted!
You die...

...# #..# #..# #..#
#..# ###########
#..# ..........#
##.5# #########.#
##.o.## #.# #<.#♣o#
#.###.###o####
#..oo..#.....#
#..###.o.###.# #..#
###.# #.# #.o# #..#
#.# #.o####..###.#
#.o..##..)..#.......
##.#.##.####.####.##


You could see 2 orc priests, an orc and a friendly shadow imp.

Vanquished Creatures
  3 adders (D:2)
  A gnoll (D:3)
  An ooze (D:1)
  2 worms (D:2)
  5 dart slugs
  3 leopard geckos
  2 orcs (D:3)
  2 giant cockroaches (D:1)
  3 goblins
  7 hobgoblins
  6 bats
  2 frilled lizards (D:1)
  5 kobolds
  5 rats
47 creatures vanquished.

Vanquished Creatures (collateral kills)
  3 gnolls (D:3)
  A giant cockroach (D:3)
4 creatures vanquished.

Grand Total: 51 creatures vanquished

Notes
Turn   | Place    | Note
-------+----------+-------------------------------------------
     0 | D:1      | Laiders the Demonspawn Wizard began the quest for the Orb.
     0 | D:1      | Reached XP level 1. HP: 13/13 MP: 4/4
   484 | D:1      | Gained mutation: A weak demonic guardian rushes to your aid. [demonic ancestry]
   484 | D:1      | Reached XP level 2. HP: 10/19 MP: 1/6
   621 | D:1      | Learned a level 2 spell: Call Imp
   624 | D:1      | Learned a level 2 spell: Blink
  1174 | D:1      | Upgraded the game from 0.21-a0-516-gaaff437 to 0.21-a0-518-g43a1781
  1244 | D:2      | Gained mutation: You have a pair of small horns on your head. [demonic ancestry]
  1244 | D:2      | Reached XP level 3. HP: 23/24 MP: 6/8
  1249 | D:2      | Learned a level 3 spell: Mephitic Cloud
  2203 | D:2      | Gained mutation: You are partially covered in sharp spines. [demonic ancestry]
  2203 | D:2      | Reached XP level 4. HP: 27/30 MP: 0/9
  2365 | D:2      | Reached skill level 4 in Spellcasting
  3054 | D:3      | Learned a level 3 spell: Conjure Flame
  3392 | D:3      | Slain by an orc priest

Vault maps used:
D:1:      lightli_iron_boxes
D:2:      serial_bayou_pond_d
D:3:      cheibrodos_pilgrimage, lemuel_blue_sif_altar, uniq_natasha

Skill      XL: |  1  2  3  4 |
---------------+-------------+-----
Conjurations   | 2 3 |  3.0
Spellcasting   | 4 |  4.1
Dodging        | |  1.7
Stealth        | |  1.7
Summonings     | |  1.0
Translocations | |  0.8
Air Magic      | |  0.6
Poison Magic   | |  0.6

Action                   |  1- 3 |  4- 6 || total
-------------------------+-------+-------++-------
Melee: Mace              |    19 |       ||    19
       Whip              |    48 |    37 ||    85
       Headbutt          |     1 |     4 ||     5
 Cast: Magic Dart        |    59 |    11 ||    70
       Call Imp          |     2 |       ||     2
       Blink             |     1 |       ||     1
       Mephitic Cloud    |       |     1 ||     1
  Use: Scroll            |     3 |     1 ||     4
       Potion            |       |     1 ||     1
 Stab: Sleeping          |     1 |     1 ||     2
  Eat: Chunk             |     3 |     4 ||     7
Armor: Robe              |    16 |     5 ||    21
       Skin              |       |     5 ||     5
Dodge: Dodged            |    62 |    23 ||    85

Table legend:
 A = Spawn XP
 B = Non-spawn XP
 C = Spawn XP percentage of total XP
 D = Spawn monster count
 E = Non-spawn monster count
 F = Spawn count percentage of total count
 G = Total turns spent on level
                    A         B        C        D         E        F      G
               +---------+---------+-------+---------+---------+-------+---------
         Total |       0 |     172 |   0.0 |       0 |      51 |   0.0 |  3392
               +---------+---------+-------+---------+---------+-------+---------
           D:1 |       0 |      37 |   0.0 |       0 |      19 |   0.0 |  1214
           D:2 |       0 |      85 |   0.0 |       0 |      20 |   0.0 |  1748
           D:3 |       0 |      50 |   0.0 |       0 |      12 |   0.0 |   430
               +---------+---------+-------+---------+---------+-------+---------
